 Dungeon Sprint DCSS version 0.19.4-8-ga85b6b9 (webtiles) character file.

9600000 protoss039 the Middleweight Champion (level 27, -41/272 (273) HPs)
             Began as a Ghoul Gladiator on Feb 13, 2017.
             Was the Champion of Makhleb.
             Annihilated by The Servant
             ... wielding a +9 glaive of flaming
              (44 damage)
             ... in the Dungeon (Sprint VIII: "Arena of Blood").
             The game lasted 00:02:50 (96 turns).

protoss039 the Middleweight Champion (GhGl)           Turns: 96, Time: 00:02:50

HP:   -41/272 (273) AC:  8    Str: 32    XL:     27
MP:   37/53         EV: 25    Int:  3    God:    Makhleb [******]
Gold: 0             SH:  0    Dex:  9    Spells: 0 memorised, 80 levels left

rFire  . . .     SeeInvis .     k - +∞ Axe of Woe
rCold  + . .     Gourm    .     a - +0 leather armour
rNeg   + + +     Faith    .     (shield currently unavailable)
rPois  ∞         Spirit   .     b - +0 helmet
rElec  .         Reflect  .     (no cloak)
rCorr  .         Harm     .     (no gloves)
MR     ++...     NoTele   +     (no boots)
Stlth  +++++++++.               (no amulet)
                                (no ring)
                                (no ring)

@: rotting
A: rotting body, claws 1, carnivore 3, cold resistance 1, negative energy
resistance 3, slow regeneration 1, torment resistance, unbreathing
a: Minor Destruction, Lesser Servant of Makhleb, Major Destruction, Greater
Servant of Makhleb, Renounce Religion


You were in the Dungeon.
You worshipped Makhleb.
Makhleb was exalted by your worship.
You were not hungry.

You visited 1 branch

Inventory:

Hand Weapons
 k - the +∞ Axe of Woe (weapon)
   (You found it in the Dungeon)
Missiles
 c - 3 throwing nets (quivered)
Armour
 a - a +0 leather armour (worn)
 b - a +0 helmet (worn)
Scrolls
 j - a scroll of blinking
Potions
 e - a potion of curing
 f - a potion of heal wounds
 g - a potion of haste
 h - 2 potions of magic
 i - a potion of berserk rage
Comestibles
 d - a meat ration


   Skills:
 O Level 27 Fighting
 O Level 27 Axes
 O Level 27 Throwing
 O Level 27 Armour
 O Level 27 Dodging
 O Level 27 Stealth
 O Level 27 Unarmed Combat
 O Level 27 Spellcasting
 O Level 27 Invocations


You had 80 spell levels left.
You didn't know any spells.

Dungeon Overview and Level Annotations

Branches:
Dungeon (1/1)

Altars:
Makhleb

Annotations:
D The Servant


Innate Abilities, Weirdness & Mutations

Your body is rotting away.
You thrive on raw meat.
You are immune to poison.
You have sharp fingernails.
You are carnivorous and can eat meat at any time.
Your flesh is cold resistant. (rC+)
You are immune to negative energy. (rN+++)
You regenerate slowly when monsters are visible.
You are immune to unholy pain and torment.
You can survive without breathing.


Message History

You dissect the bag of meat like a pig carcass.
You kill the bag of meat!
Makhleb accepts your kill.
You feel better.
You are engulfed in roaring flames.
You hear a shout! x2; You feel something staring at you.
Something smites you!
You hear a shout!
The tyrant waves its bony arms in wide circles.
The air twists around and strikes you!
A bag of meat comes into view. It is wielding a +9 war axe.
Unknown command.
Unknown command.
Unknown command.
Okay, then.
A demon appears!
You are engulfed in roaring flames.
You hear a shout! x2
The Servant hits you from afar with a +9 glaive of flaming!!!!
* * * LOW HITPOINT WARNING * * *
The Servant burns you!!!
You die...

#.. M.# #... ...# .
.###%o% ...###. .
........###%%..§...
#.. ...M%_...O. ...
...o #.%...# .o..
...%o #§§§)_# .....
..%%o@#§2§§.#......
#...oO§@§{§§)......
.oo.oo§§###).......
.zo###§§. ...###...
.. #%.....X# .
#.C...C.# .o......o
..%...%....
..L........


You could see an accursed, a tyrant, The Servant, a sculptor of flesh, a large
bag of meat (inner flame), 2 meat berserkers, 11 bags of meat and a friendly
blizzard demon.

Vanquished Creatures
  8 hell beasts (D)
  3 greater mummies (D)
  A wraith (D)
  15 vampire knights (D)
  33 ogres (D)
  A lich (D)
  42 orcs (D)
  3 phantoms (D)
  8 hill giants (D)
  3 skeletal warriors (D)
  3 large abominations (D)
  2 small abominations (D)
  3 crawling corpses (D)
125 creatures vanquished.

Vanquished Creatures (collateral kills)
  A small abomination (D)
  2 crawling corpses (D)
3 creatures vanquished.

Vanquished Creatures (others)
  2 crawling corpses (D)
2 creatures vanquished.

Grand Total: 130 creatures vanquished

Notes
Turn   | Place    | Note
-------+----------+-------------------------------------------
     0 | D        | protoss039 the Ghoul Gladiator began the quest for the Orb.
     0 | D        | Reached XP level 1. HP: 17/17 MP: 0/0
     2 | D        | Noticed a bag of meat
     2 | D        | Noticed a bag of meat
     3 | D        | Became a worshipper of Makhleb the Destroyer
     4 | D        | Noticed a bag of meat
     4 | D        | Noticed a meat berserker
     5 | D        | Noticed a meat berserker
     7 | D        | Noticed a bag of meat
     7 | D        | Killed a meat berserker
     7 | D        | Reached skill level 10 in Throwing
     7 | D        | Reached XP level 2. HP: 42/42 MP: 1/1
     7 | D        | Reached XP level 3. HP: 49/49 MP: 2/2
     7 | D        | Reached XP level 4. HP: 57/57 MP: 3/3
     7 | D        | Reached XP level 5. HP: 63/63 MP: 4/4
     7 | D        | Reached XP level 6. HP: 71/71 MP: 5/5
     7 | D        | Reached XP level 7. HP: 78/78 MP: 6/6
     7 | D        | Reached XP level 8. HP: 85/85 MP: 7/7
     7 | D        | Reached XP level 9. HP: 92/92 MP: 8/8
     7 | D        | Reached XP level 10. HP: 100/100 MP: 9/9
     7 | D        | Reached XP level 11. HP: 106/106 MP: 10/10
     7 | D        | Reached XP level 12. HP: 113/113 MP: 11/11
     7 | D        | Reached XP level 13. HP: 119/119 MP: 12/12
     8 | D        | Noticed a meat berserker
     9 | D        | Noticed a bag of meat
     9 | D        | Noticed a meat berserker
    10 | D        | Noticed a bag of meat
    10 | D        | Killed a bag of meat
    10 | D        | Reached * piety under Makhleb
    10 | D        | Reached skill level 5 in Axes
    10 | D        | Reached skill level 1 in Armour
    10 | D        | Reached XP level 14. HP: 61/132 MP: 13/13
    10 | D        | Killed a bag of meat
    10 | D        | Killed a meat berserker
    10 | D        | Reached XP level 15. HP: 67/145 MP: 14/14
    10 | D        | Reached ** piety under Makhleb
    10 | D        | Reached skill level 27 in Unarmed Combat
    10 | D        | Reached XP level 16. HP: 72/155 MP: 15/15
    11 | D        | Reached skill level 10 in Axes
    12 | D        | Killed a meat berserker
    12 | D        | Reached skill level 5 in Armour
    12 | D        | Reached skill level 27 in Dodging
    12 | D        | Reached XP level 17. HP: 96/171 MP: 16/16
    12 | D        | Reached *** piety under Makhleb
    12 | D        | Reached skill level 15 in Axes
    12 | D        | Killed a meat berserker
    12 | D        | Reached XP level 18. HP: 150/190 MP: 17/17
    13 | D        | Noticed a meat berserker
    15 | D        | Noticed a meat berserker
    16 | D        | Killed a meat berserker
    16 | D        | Reached **** piety under Makhleb
    16 | D        | Reached skill level 10 in Armour
    17 | D        | Noticed a meat berserker
    17 | D        | Reached skill level 27 in Fighting
    17 | D        | Reached XP level 19. HP: 207/207 MP: 18/18
    20 | D        | Noticed a meat berserker
    21 | D        | Killed a meat berserker
    21 | D        | Reached skill level 27 in Axes
    21 | D        | Reached skill level 15 in Armour
    21 | D        | Reached ***** piety under Makhleb
    23 | D        | Noticed a large bag of meat
    23 | D        | Killed a meat berserker
    23 | D        | Reached skill level 27 in Throwing
    23 | D        | Reached XP level 20. HP: 216/216 MP: 19/19
    25 | D        | Noticed a meat berserker
    25 | D        | Noticed a large bag of meat
    26 | D        | Noticed a meat berserker
    26 | D        | Killed a meat berserker
    26 | D        | Reached skill level 27 in Armour
    26 | D        | Reached XP level 21. HP: 224/224 MP: 20/20
    28 | D        | Reached skill level 10 in Stealth
    28 | D        | Reached skill level 15 in Stealth
    31 | D        | Noticed a meat berserker
    31 | D        | Noticed a destroyer
    31 | D        | Reached ****** piety under Makhleb
    31 | D        | Reached XP level 22. HP: 233/233 MP: 20/41
    34 | D        | Reached skill level 27 in Stealth
    35 | D        | Reached skill level 27 in Invocations
    35 | D        | Reached XP level 23. HP: 240/240 MP: 21/48
    35 | D        | Noticed a destroyer
    36 | D        | Noticed a destroyer
    36 | D        | Noticed a destroyer
    37 | D        | Killed a destroyer
    37 | D        | Reached skill level 27 in Spellcasting
    37 | D        | Reached XP level 24. HP: 212/249 MP: 22/53
    37 | D        | Killed a destroyer
    39 | D        | Killed a destroyer
    39 | D        | Reached XP level 25. HP: 257/257 MP: 22/53
    41 | D        | Killed a destroyer
    42 | D        | Reached XP level 26. HP: 249/266 MP: 23/53
    43 | D        | Noticed a destroyer
    47 | D        | Reached XP level 27. HP: 273/273 MP: 24/53
    48 | D        | Killed a destroyer
    49 | D        | Noticed a destroyer
    50 | D        | Noticed a destroyer
    54 | D        | Killed a destroyer
    55 | D        | Noticed a destroyer
    57 | D        | Noticed an accursed
    57 | D        | Noticed a tyrant
    58 | D        | Killed a destroyer
    60 | D        | Noticed an accursed
    62 | D        | Noticed a destroyer
    63 | D        | Noticed an accursed
    66 | D        | Noticed a meat beast
    67 | D        | Noticed a destroyer
    67 | D        | Noticed a meat beast
    68 | D        | Killed a meat beast
    70 | D        | Noticed a destroyer
    70 | D        | Killed a tyrant
    71 | D        | Noticed a meat beast
    71 | D        | Killed a meat beast
    71 | D        | Killed an accursed
    71 | D        | Killed a destroyer
    72 | D        | Killed a destroyer
    74 | D        | Killed a meat beast
    75 | D        | Killed a destroyer
    75 | D        | Killed a destroyer
    77 | D        | Noticed a destroyer
    79 | D        | Noticed a destroyer
    81 | D        | Noticed a meat beast
    81 | D        | Killed an accursed
    82 | D        | Noticed a destroyer
    82 | D        | Killed a destroyer
    83 | D        | Killed a destroyer
    83 | D        | Killed a meat beast
    84 | D        | Noticed a destroyer
    84 | D        | Noticed a dread
    84 | D        | Noticed a meat beast
    84 | D        | Noticed a meat beast
    86 | D        | Noticed The Servant
    86 | D        | Killed an accursed
    87 | D        | Killed a meat beast
    88 | D        | Killed a meat beast
    89 | D        | Noticed a meat beast
    89 | D        | Killed a destroyer
    89 | D        | Killed a destroyer
    91 | D        | Noticed a meat beast
    92 | D        | Killed a dread
    93 | D        | Noticed an accursed
    93 | D        | Noticed a tyrant
    93 | D        | Killed a meat beast
    95 | D        | Killed a meat beast
    96 | D        | HP: 3/272 [The Servant/+9 glaive of flaming (118)]
    96 | D        | Annihilated by The Servant

Skill      XL: |  1  2  3  4  5  6  7  8  9 10 11 12 13 14 15 16 17 18 19 20 21 22 23 |
---------------+----------------------------------------------------------------------+-----
Fighting       | 12 14 16 17 20 23 27 | 27.0
Axes           | 4 5 8 9 13 18 24 27 | 27.0
Throwing       | 10 11 13 14 16 19 21 27 | 27.0
Dodging        | 18 20 23 24 27 | 27.0
Unarmed Combat | 21 23 26 27 | 27.0
Armour         | 1 3 5 8 11 20 27 | 27.0
Stealth        | 21 27 | 27.0
Spellcasting   | 16 22 27 | 27.0
Invocations    | 20 27 | 27.0

Action                   |  1- 3 |  4- 6 |  7- 9 | 10-12 | 13-15 | 16-18 | 19-21 | 22-24 | 25-27 || total
-------------------------+-------+-------+-------+-------+-------+-------+-------+-------+-------++-------
Melee: Executioner's axe |     1 |       |       |       |     1 |     5 |     7 |     6 |    45 ||    65
Invok: Greater Servant o |       |       |       |       |       |       |       |       |     7 ||     7
Dodge: Dodged            |       |       |       |       |     2 |       |     1 |     1 |     3 ||     7
